 Dungeon Crawl Stone Soup version 0.22.1-1-ga44c0e5 (webtiles) character file.

322 KeeTraxx the Shield-Bearer (level 6, 0/48 HPs)
             Began as a Human Wanderer on Oct 4, 2018.
             Was a Follower of Fedhas.
             Slain by an ogre
             ... wielding a +0 giant club
              (16 damage)
             ... on level 4 of the Dungeon.
             The game lasted 00:16:45 (6085 turns).

KeeTraxx the Shield-Bearer (Human Wanderer)         Turns: 6085, Time: 00:16:46

Health: 0/48       AC: 11    Str: 11    XL:     6   Next: 76%
Magic:  7/7        EV:  6    Int: 13    God:    Fedhas [*.....]
Gold:   180        SH:  9    Dex: 15    Spells: 6/7 levels left

rFire    . . .     SeeInvis +   D - +0 trident
rCold    . . .     Gourm    .   a - +0 shield
rNeg     . . .     Faith    .   w - +0 scale mail
rPois    .         Spirit   .   s - +0 helmet
rElec    .         Reflect  .   (no cloak)
rCorr    .         Harm     .   (no gloves)
MR       .....                  (no boots)
Stlth    ..........             (no amulet)
HPRegen  0.16/turn              p - +3 ring of protection
MPRegen  0.10/turn              E - ring of see invisible

@: no status effects
A: no striking features
a: Fungal Bloom, Sunlight, Renounce Religion


You were on level 4 of the Dungeon.
You worshipped Fedhas.
Fedhas was aware of your devotion.
You were very hungry.

You visited 1 branch of the dungeon, and saw 4 of its levels.

You collected 180 gold pieces.

Inventory:

Hand Weapons
 h - a +0 short sword
 D - a +0 trident (weapon)
Missiles
 b - 22 sling bullets
 i - 123 stones
 l - 31 poisoned needles
 x - 2 throwing nets
 y - 5 javelins (quivered)
Armour
 a - a +0 shield (worn)
 d - a +0 robe
 s - a +0 helmet (worn)
 w - a +0 scale mail (worn)
 F - a +0 plate armour
Jewellery
 p - a +3 ring of protection (left hand)
 t - an uncursed ring of ice
 E - a ring of see invisible (right hand)
Wands
 o - a wand of random effects (31)
Scrolls
 c - 4 scrolls of teleportation
 k - 2 scrolls of amnesia {unknown}
 n - a scroll of magic mapping {unknown}
 q - 3 scrolls of identify {unknown}
 r - 2 scrolls of enchant armour {unknown}
 B - a scroll of remove curse
 C - a scroll of enchant weapon {unknown}
Potions
 e - a potion of heal wounds
 g - a potion of mutation {unknown}
 j - 2 potions of brilliance {unknown}
 m - 3 potions of agility {unknown}
 u - a potion of ambrosia {unknown}
 v - a potion of flight {unknown}
 z - 2 potions of berserk rage {unknown}
 A - a potion of haste {unknown}
 G - a potion of curing {unknown}
Comestibles
 f - 8 rations


   Skills:
 + Level 4.1 Fighting
 + Level 3.7 Armour
 + Level 4.3 Shields
 - Level 1.0 Spellcasting
 - Level 2.0 Charms
   Level 1.0 Summonings
   Level 1.0 Fire Magic
 * Level 0.4 Invocations


You had 6 spell levels left.
You knew the following spells:

 Your Spells              Type           Power        Failure   Level  Hunger
a - Infusion              Chrm           #...         95%         1    ##.....

Your spell library contained the following spells:

 Spells                   Type           Power        Failure   Level  Hunger
 Spectral Weapon          Hex/Chrm       #.......     100%        3    ####...


Dungeon Overview and Level Annotations

Branches:
Dungeon (4/15)
 Temple: D:4-7

Altars:
Ashenzari
Dithmenos
Fedhas

Annotations:
D:3 exclusion: downstairs
D:4 Menkaure


Message History

Press: ? - help, Dir - move target cursor, f/p - ogre
Aim: an ogre, wielding a giant club (lightly wounded)
You reach to attack!
You puncture the ogre!
The ogre is heavily wounded.
The ogre hits you with a giant club!
Menkaure shouts!
The ogre hits you with a giant club!
Menkaure calls on the powers of darkness!
The ogre convulses!
Your body is wracked with pain!
* * * LOW HITPOINT WARNING * * *
There is an open door here.
There is a stone staircase leading up here.
You hit the ogre.
The ogre is severely wounded.
The ogre barely misses you.
You barely miss the ogre.
The ogre is severely wounded.
The ogre hits you with a giant club!
You die...
Fedhas appreciates your contribution to the ecosystem.

...# #.....##.#####.##.#
###########'##'#.###.##.#
+.......##............#.#
#######.##.......######.# #
#..#..............# #
##.#........####### #
#..#'##'#..#....# #
##.#.##.#O.#.##.#
#.#.##.#@.#.##.# ###
#.#.##.##.#.##.#
..#######...##.......#.# ##
#...........#####.####.# #.
#..............##......# #.
........##M.##.######### ####.
......M.+..><#.## ##########....
##......#.......####..........###
###.....##........##.############


You could see an ogre.

Vanquished Creatures
  An orc priest (D:3)
  An orc wizard (D:3)
  Terence (D:2)
  A worker ant (D:4)
  8 adders
  3 gnolls
  2 oozes
  2 worms
  A dart slug (D:2)
  4 leopard geckos
  8 orcs
  5 bats
  3 giant cockroaches
  7 goblins
  7 hobgoblins
  13 jackals
  9 kobolds
  A quokka (D:4)
  A ball python (D:1)
  2 frilled lizards
  8 rats
88 creatures vanquished.

Vanquished Creatures (others)
  32 toadstools
32 creatures vanquished.

Grand Total: 120 creatures vanquished

Notes
Turn   | Place    | Note
-------+----------+-------------------------------------------
     0 | D:1      | KeeTraxx the Human Wanderer began the quest for the Orb.
     0 | D:1      | KeeTraxx set off with: a +0 shield, a scroll of
                  | teleportation, a +0 robe, a +0 dagger, a ration
     0 | D:1      | Reached XP level 1. HP: 16/16 MP: 2/2
     0 | D:1      | Noticed a minotaur skeleton
   208 | D:1      | Learned a level 1 spell: Infusion
   440 | D:1      | Reached XP level 2. HP: 9/22 MP: 3/3
  1314 | D:1      | Reached skill level 1 in Charms
  1314 | D:1      | Reached XP level 3. HP: 27/28 MP: 4/4
  1929 | D:2      | Reached XP level 4. HP: 31/34 MP: 5/5
  2265 | D:2      | Found a blossoming altar of Fedhas.
  2430 | D:2      | Became a worshipper of Fedhas Madash
  2524 | D:2      | Noticed Terence
  2563 | D:2      | Killed Terence
  2563 | D:2      | Reached XP level 5. HP: 19/41 MP: 1/6
  3455 | D:2      | Found a shattered altar of Ashenzari.
  4110 | D:2      | Reached XP level 6. HP: 31/48 MP: 7/7
  4695 | D:3      | Reached * piety under Fedhas
  4817 | D:4      | Noticed Menkaure
  5192 | D:4      | Found a shadowy altar of Dithmenos.
  6035 | D:4      | Noticed an ogre
  6085 | D:4      | Slain by an ogre

Skill      XL: |  1  2  3  4  5  6 |
---------------+-------------------+-----
Charms         | 1 2 |  2.0
Fighting       | 3 4 |  4.1
Shields        | 3 4 |  4.3
Armour         | |  3.7
Spellcasting   | |  1.0
Summonings     | |  1.0
Fire Magic     | |  1.0
Invocations    | |  0.4

Action                   |  1- 3 |  4- 6 || total
-------------------------+-------+-------++-------
Melee: Dagger            |    30 |       ||    30
       Short sword       |    91 |   257 ||   348
       Trident           |       |   119 ||   119
Throw: Stone             |    35 |    45 ||    80
       Javelin           |       |    19 ||    19
 Cast: Infusion          |       |     4 ||     4
Invok: Fungal Bloom      |       |    13 ||    13
  Use: Potion            |     2 |       ||     2
       Scroll            |       |     1 ||     1
 Stab: Sleeping          |     1 |       ||     1
  Eat: Chunk             |     3 |    13 ||    16
Armor: Robe              |    38 |    21 ||    59
       Scale mail        |       |   141 ||   141
Dodge: Dodged            |    35 |   114 ||   149
Block: Shield            |    46 |   176 ||   222
